 Dungeon Crawl Stone Soup version 0.31-a0-538-gbc85326fa9 (webtiles) character file.

Game seed: 9052402959416692214

1295 Arcadio the Shooter (level 8, -6/65 HPs)
             Began as a Formicid Hunter on Aug 13, 2023.
             Was a Believer of Nemelex Xobeh.
             Mangled by a water moccasin (7 damage)
             ... on level 5 of the Dungeon.
             The game lasted 00:20:41 (6170 turns).

Arcadio the Shooter (Formicid Hunter)               Turns: 6170, Time: 00:20:41

Health: -6/65      AC: 12    Str: 15    XL:     8   Next: 86%
Magic:  17/17      EV: 12    Int: 10    God:    Nemelex Xobeh [**....]
Gold:   259        SH:  5    Dex: 19    Spells: 7/7 levels left

rFire   . . .        b - +1 flail (protect)
rCold   . . .        (no shield)
rNeg    . . .        c - +0 leather armour
rPois   .            (helmet unavailable)
rElec   .            (no cloak)
rCorr   .            (no gloves)
SInv    +            r - +0 pair of boots
Will    +....        k - amulet of reflection
Stlth   ++           o - ring of magical power
HPRegen 0.30/turn    (no ring)
MPRegen 0.15/turn

%: reflection
@: lethally poisoned (-6 -> -11), under a protective aura, attractive,
enlightened, flying
A: permanent stasis, dig shafts and tunnels, antennae 3, four strong arms
a: Dig, Shaft Self, Renounce Religion, Draw Escape, Draw Destruction, Draw
Summoning


You were on level 5 of the Dungeon.
You worshipped Nemelex Xobeh.
Nemelex Xobeh was pleased with you.
You visited 2 branches of the dungeon, and saw 7 of its levels.

You collected 259 gold pieces.

Inventory:

Hand Weapons
 a - a +0 shortbow
 b - a +1 flail of protection (weapon)
 m - a +0 falchion
 A - a +0 mace of protection
Armour
 c - a +0 leather armour (worn)
 r - a +0 pair of boots (worn)
 t - a +0 tower shield
 C - a +0 buckler
Jewellery
 k - an amulet of reflection (around neck)
 o - a ring of magical power (left hand)
 s - an amulet of regeneration
Talismans
 x - a blade talisman
Wands
 w - a wand of mindburst (12)
 z - a wand of flame (26)
Scrolls
 e - a scroll of enchant armour {unknown}
 f - a scroll of butterflies
 g - a scroll of brand weapon {unknown}
 i - 4 scrolls of identify {unknown}
 l - a scroll of acquirement {unknown}
 q - 2 scrolls of noise {unknown}
 u - a scroll of poison {unknown}
 v - a scroll of revelation {unknown}
 y - a scroll of vulnerability {unknown}
 B - a scroll of fog {unknown}
Potions
 d - a potion of enlightenment
 j - 2 potions of magic
 n - a potion of curing {unknown}
 p - a potion of mutation {unknown}


   Skills:
 + Level 6.7 Fighting
 + Level 7.0 Ranged Weapons
 + Level 6.1 Armour
 - Level 1.7 Dodging
 - Level 1.2 Stealth
 + Level 1.4 Shields


You had 7 spell levels left.
You didn't know any spells.
Your spell library contained the following spells:

 Spells                   Type           Power      Damage    Failure   Level
 Apportation              Tloc           0%         N/A       41%         1
 Magic Dart               Conj           0%         1d3       41%         1
 Sting                    Tmut/Pois      0%         1d3       41%         1
 Call Imp                 Summ           0%         N/A       56%         2
 Poisonous Vapours        Pois/Air       0%         N/A       56%         2
 Mephitic Cloud           Conj/Pois/Air  0%         N/A       80%         3
 Volatile Blastmotes      Fire/Tloc      0%         2d10      80%         3
 Fulminant Prism          Conj/Hex       0%         3d5       99%         4
 Iskenderun's Mystic Bla  Conj/Tloc      0%         2d3       99%         4
 Manifold Assault         Tloc           0%         N/A       99%         4
 Olgreb's Toxic Radiance  Pois           0%         N/A       99%         4
 Alistair's Intoxication  Tmut/Pois      0%         N/A       100%        5
 Freezing Cloud           Conj/Ice/Air   0%         6-21      100%        5
 Conjure Ball Lightning   Conj/Air       0%         3x3d6     100%        6
 Dispersal                Tloc           0%         N/A       100%        6
 Discord                  Hex            0%         N/A       100%        8
 Disjunction              Tloc           0%         N/A       100%        8


Dungeon Overview and Level Annotations

Branches:
Dungeon (6/15) Zot: 26975  Temple (1/1) D:5 Zot: 5996

Altars:
Ashenzari
Cheibriados
Dithmenos
Fedhas
Gozag
Hepliaklqana
Kikubaaqudgha
Makhleb
Nemelex Xobeh
Okawaru
Qazlal
Ru
Sif Muna
Uskayaw
Vehumet
Wu Jian
Xom
Yredelemnul
Zin
The Shining One

Shops:
D:6 =


Innate Abilities, Weirdness & Mutations

You cannot be hasted, slowed, berserked, paralysed or teleported.
You can dig through walls and to a lower floor.
You have a pair of large antennae on your head. (SInv)
Your four strong arms can wield two-handed weapons with a shield.


Message History

You feel very sick.
The water moccasin bites you but does no damage.
You block the water moccasin's attack.
You thump the water moccasin!
The water moccasin is almost dead.
You feel very sick. You block the water moccasin's attack.
The water moccasin closely misses you.
You barely miss the water moccasin.
The water moccasin is almost dead.
You feel sick.
The water moccasin bites you but does no damage. x2
You hit the water moccasin.
The water moccasin is almost dead.
You feel sick. The water moccasin closely misses you.
The water moccasin bites you.
You are more poisoned.
The water moccasin poisons you!
You hit the water moccasin but do no damage.
The water moccasin is almost dead.
You feel very sick. The water moccasin bites you!
* * * LOW HITPOINT WARNING * * *
The water moccasin bites you but does no damage.
It was a potion of enlightenment.
You feel very buoyant.
You fly up into the air.
* * * LOW HITPOINT WARNING * * *
You feel very sick. The water moccasin bites you.
* * * LOW HITPOINT WARNING * * *
It was a potion of magic.
Magic courses through your body.
* * * LOW HITPOINT WARNING * * *
You feel very sick.
The water moccasin bites you but does no damage.
It was a potion of attraction.
You feel attractive to monsters.
* * * LOW HITPOINT WARNING * * *
You feel sick. The water moccasin misses you. The water moccasin bites you!
You die...
Your body glows slightly and disappears.

# ##..# ###...##
.......##
........######
..........<..##
..............# ####
.........###..####..#
.####..###8###.....#
## #..#._._.#.S@.## #
##..##...##..###
##...##♣.♣##..#
##...## #'##..##
##...## #....##
#...## #....# ...##
##...## ..## ##...##
..# ##...##


You could see a water moccasin.

Vanquished Creatures
  An ice beast (D:5)
  A black bear (D:4)
  A phantom (D:5)
  2 jellies
  3 orc priests
  3 hounds
  A sleepcap (D:3)
  An iguana (D:5)
  2 orc wizards
  3 hell rats (D:5)
  6 gnolls
  22 river rats (D:5)
  4 adders
  A worm (D:4)
  13 orcs
  3 endoplasms (D:4)
  3 giant cockroaches
  7 goblins
  3 hobgoblins
  2 jackals (D:1)
  4 quokkas
  9 ball pythons
  A bat (D:2)
  2 frilled lizards (D:2)
  3 kobolds
  6 rats
107 creatures vanquished.

Vanquished Creatures (collateral kills)
  An ice beast (D:4)
  An ogre (D:5)
  A gnoll sergeant (D:5)
  2 gnolls (D:5)
  A goblin (D:4)
  A hobgoblin (D:4)
7 creatures vanquished.

Grand Total: 114 creatures vanquished

Notes
Turn   | Place    | Note
-------+----------+-------------------------------------------
     0 | D:1      | Arcadio the Formicid Hunter began the quest for the Orb.
     0 | D:1      | Reached XP level 1. HP: 16/16 MP: 1/1
   394 | D:1      | Reached XP level 2. HP: 23/23 MP: 2/2
   419 | D:1      | Found a faded altar of an unknown god.
   420 | D:1      | Noticed a shining eye
   422 | D:1      | Noticed an eye of devastation
   422 | D:1      | Noticed a golden eye
   422 | D:1      | Noticed a shining eye
   443 | D:1      | Reached skill level 1 in Armour
   450 | D:1      | Prayed at the altar of an unknown god.
   450 | D:1      | Became a worshipper of Nemelex Xobeh the Trickster
   450 | D:1      | Reached * piety under Nemelex Xobeh
   773 | D:2      | Received a gift from Nemelex Xobeh
   857 | D:2      | Reached XP level 3. HP: 8/28 MP: 3/3
  1166 | D:2      | Reached XP level 4. HP: 35/35 MP: 4/4
  1870 | D:3      | Found an iron altar of Okawaru.
  1878 | D:3      | Reached ** piety under Nemelex Xobeh
  2204 | D:4      | Noticed an ogre
  2205 | D:4      | an ogre changed into an ice beast
  2205 | D:4      | Noticed an ice beast
  2211 | D:4      | Killed an ice beast
  2212 | D:4      | Reached skill level 5 in Ranged Weapons
  2212 | D:4      | Reached XP level 5. HP: 42/42 MP: 5/5
  2218 | D:4      | Reached XP level 6. HP: 48/48 MP: 6/6
  3135 | D:5      | Entered Level 5 of the Dungeon
  3135 | D:5      | Noticed an ogre
  3143 | D:4      | Reached XP level 7. HP: 38/55 MP: 7/7
  3720 | D:4      | Reached skill level 5 in Fighting
  4268 | D:4      | Reached skill level 6 in Ranged Weapons
  4461 | D:5      | Received a gift from Nemelex Xobeh
  4952 | D:5      | Reached XP level 8. HP: 62/63 MP: 8/8
  4974 | D:5      | Reached skill level 5 in Armour
  5404 | D:5      | Found the +2 ratskin cloak {*Rats rPois rN+ Str-1 Int-1
                  | Dex+1}
  5538 | D:5      | Identified the -1 trident "Widowermaker" {freeze, +Blink}
  5640 | D:5      | Found a glowing golden altar of the Shining One.
  5641 | D:5      | Found a broken altar of Ashenzari.
  5765 | D:5      | Found a staircase to the Ecumenical Temple.
  5811 | D:5      | Reached skill level 7 in Ranged Weapons
  5811 | D:5      | Reached skill level 1 in Shields
  6002 | Temple   | Entered the Ecumenical Temple
  6151 | D:6      | Found Omarewue's Jewellery Shoppe.
  6169 | D:5      | HP: 2/65 [poisoned by a water moccasin]
  6170 | D:5      | Mangled by a water moccasin

Illustrated notes

Levels and vault maps discovered:
D:1:      nicolae_arrival_somewhat_less_tricky_arrival, layout_loops_ring,
          hellmonk_ecumenical_altar_watching_god
D:2:      layout_rooms
D:3:      layout_rooms, kennysheep_okawaru_gauntlet
D:4:      layout_rooms
D:5:      wander_guarded_unrand_ratskin, layout_layer_cave,
          gammafunk_temple_overflow_statue, minmay_temple_entry_large_hall
D:6:      layout_basic, serial_shops, nicolae_stop_n_shop_1, uniq_blork_the_orc
Temple:   minmay_temple_bridge_d

Skill      XL: |  1  2  3  4  5  6  7  8 |
---------------+-------------------------+-----
Armour         | 1 3 4 6 |  6.1
Fighting       | 3 4 5 6 |  6.7
Ranged Weapons | 5 6 7 |  7.0
Shields        | 1 |  1.4
Dodging        | |  1.7
Stealth        | |  1.2

Action                     |  1- 3 |  4- 6 |  7- 9 || total
---------------------------+-------+-------+-------++-------
  Melee: Mace              |    35 |    72 |   102 ||   209
         Punch             |       |     1 |     5 ||     6
         Flail             |       |       |   192 ||   192
   Fire: Shortbow          |    54 |    63 |    22 ||   139
 Invoke: Draw Destruction  |       |     2 |     2 ||     4
         Draw Summoning    |       |     1 |     1 ||     2
         Draw Escape       |       |       |     1 ||     1
Ability: Dig               |     3 |       |       ||     3
  Evoke: Wand              |       |       |     1 ||     1
    Use: Potion            |       |       |     3 ||     3
   Stab: Sleeping          |       |       |     4 ||     4
 Armour: Leather armour    |    16 |    25 |   118 ||   159
  Dodge: Dodged            |    24 |    49 |   204 ||   277
  Block: Other             |     6 |    18 |    80 ||   104

Table legend: (Time is in decaauts)
 A = Elapsed time spent in this place.
 B = Non-inter-level travel time spent in this place.
 C = Inter-level travel time spent in this place.
 D = Time resting spent in this place.
 E = Time spent auto-exploring this place.
 F = Levels seen in this place.
 G = Mean time per level.
                   A        B        C        D        E       F      G
               +--------+--------+--------+--------+--------+-----+--------+
         Total |   6348 |   6226 |    122 |   2621 |   2185 |   7 |  906.9 |
       Dungeon |   6344 |   6222 |    122 |   2621 |   2185 |   6 | 1057.3 |
        Temple |      3 |      3 |      0 |      0 |      0 |   1 |    3.0 |
               +--------+--------+--------+--------+--------+-----+--------+

Top non-repeatable levels by time:
     D:5: 1689 daAuts
     D:3: 1545 daAuts
     D:4: 1518 daAuts
     D:2: 811 daAuts
     D:1: 770 daAuts
     D:6: 8 daAuts
  Temple: 3 daAuts
